 Dungeon Crawl Stone Soup version 0.31-a0-431-g88bdf31460 (webtiles) character file.

Game seed: 3060129026721209092

291 CraigForest the Ruffian (level 6, 0/44 HPs)
             Began as a Barachi Shapeshifter on Aug 1, 2023.
             Slain by an orc wizard
             ... wielding a +0 dagger
              (1 damage)
             ... on level 4 of the Dungeon.
             The game lasted 00:08:50 (3204 turns).

CraigForest the Ruffian (Barachi Shapeshifter)      Turns: 3204, Time: 00:08:51

Health: 0/44       AC:  5    Str: 19    XL:     6   Next: 32%
Magic:  15/15      EV: 11    Int:  8    God:
Gold:   122        SH:  0    Dex: 12    Spells: 5/5 levels left

rFire   . .          .
                       - Unarmed
rCold   . . .        (no shield)
rNeg    . . .        e - +0 ring mail
rPois   .            (helmet currently unavailable)
rElec   .            (cloak currently unavailable)
rCorr   .            (gloves currently unavailable)
SInv    .            (boots currently unavailable)
Will    +....        m - amulet of magic regeneration
Stlth   +            j - ring of magical power
HPRegen 0.27/turn    n - ring of willpower
MPRegen 0.54/turn

%: no passive effects
@: beast-form, hasted, quick
A: beast (slay +3), amphibious, slowness 1, strong legs 1, +LOS
a: Hop, Begin Untransformation


You were on level 4 of the Dungeon.
You were a hulking beast.
You visited 1 branch of the dungeon, and saw 4 of its levels.

You collected 122 gold pieces.

Inventory:

Missiles
 d - 2 boomerangs
 h - 21 poisoned darts (quivered)
 q - 3 javelins
Armour
 a - a +1 animal skin
 e - a +0 ring mail (worn)
 o - a +0 cloak of preservation
 r - a +0 scale mail
 u - a +0 pair of boots
Magical Staves
 k - a staff of cold
Jewellery
 j - a ring of magical power (left hand)
 m - an amulet of magic regeneration (around neck)
 n - a ring of willpower (right hand)
Talismans
 c - a beast talisman (active)
Scrolls
 l - a scroll of enchant weapon {unknown}
 t - a scroll of vulnerability {unknown}
Potions
 b - a potion of lignification
 f - a potion of might {unknown}
 i - a potion of attraction
 s - a potion of cancellation


   Skills:
 + Level 1.9 Fighting
 + Level 1.5 Armour
 + Level 2.8 Dodging
 + Level 5.8 Unarmed Combat
 + Level 4.5 Shapeshifting


You had 5 spell levels left.
You didn't know any spells.
Your spell library contained the following spells:

 Spells                   Type           Power      Damage    Failure   Level
 Sandblast                Erth           0%         2d4       58%         1
 Passwall                 Tmut/Erth      0%         N/A       75%         2
 Ozocubu's Armour         Ice            0%         N/A       92%         3
 Stone Arrow              Conj/Erth      0%         3d7       92%         3
 Metabolic Englaciation   Hex/Ice        0%         N/A       100%        5
 Simulacrum               Ice/Necr       0%         N/A       100%        6


Dungeon Overview and Level Annotations

Branches:
Dungeon (4/15)
 Temple: D:4-7

Altars:
Cheibriados
Dithmenos
Vehumet
Xom

Shops:
D:3 [


Innate Abilities, Weirdness & Mutations

You are a hulking beast.
Your limbs bulge with bestial killing power. (Slay +3)
You are amphibious.
You cover ground slowly.
You can hop short distances.
You have an extended range of vision and can be seen from far away.


Message History

Grinder is severely wounded.
Grinder gestures at you. Pain shoots through your body!
You closely miss Grinder.
Grinder is severely wounded.
Grinder hits you.
You hit Grinder.
Grinder is severely wounded.
Grinder gestures at you.
You easily resist.
You barely miss Grinder.
Grinder is severely wounded.
Grinder hits you!
You writhe in agony.
* * * LOW HITPOINT WARNING * * *
You hit Grinder.
Grinder is almost dead.
You hit Grinder.
You kill Grinder!
Your Armour skill increases to level 1!
Your Unarmed Combat skill increases to level 5!
You have reached level 5!
You have reached level 6!
You feel yourself speed up.
You punch the orc!
You kill the orc!
Something hits you but does no damage.
You miss something.
Something hits you but does no damage. x2
You barely miss something. You closely miss something.
You hear some strange, mumbled words.
A puff of flame appears from out of thin air!
The puff of flame hits you!
* * * LOW HITPOINT WARNING * * *
The orc priest casts a cantrip, but nothing happens.
Something hits you but does no damage.
You hit something but do no damage. You closely miss something.
You punch something. Something hits you.
* * * LOW HITPOINT WARNING * * *
Something hits you.
You die...

....... ..... .....
#...# #...# #...# #.oo
#{### #h..# #.#.#
###'##########
##########§§.≈§##.....#
#..[....#≈≈≈.§≈§###.#.#
#.#####.#≈§§.§§≈###.#.#
#.##....'§§§∩..§'...#.#
#....##.#≈§§.≈§§##.##.#
#..####.#§§§.§≈§##.##.#


You could see 2 orc priests.

Vanquished Creatures
  Grinder (D:4)
  Crazy Yiuf (D:2)
  3 adders (D:3)
  A worm (D:4)
  6 orcs
  3 endoplasms
  2 giant cockroaches
  2 goblins
  5 hobgoblins
  2 jackals (D:1)
  A kobold (D:2)
  3 quokkas
  8 ball pythons
  3 bats
  3 frilled lizards
  7 rats
51 creatures vanquished.

Notes
Turn   | Place    | Note
-------+----------+-------------------------------------------
     0 | D:1      | CraigForest the Barachi Shapeshifter began the quest for
                  | the Orb.
     0 | D:1      | Reached XP level 1. HP: 15/15 MP: 1/1
   572 | D:1      | Reached XP level 2. HP: 20/21 MP: 2/2
  1234 | D:2      | Found a runed translucent door.
  1235 | D:2      | Noticed Crazy Yiuf
  1344 | D:2      | Reached XP level 3. HP: 26/26 MP: 3/3
  1892 | D:2      | Killed Crazy Yiuf
  1893 | D:2      | Reached skill level 4 in Unarmed Combat
  1893 | D:2      | Reached XP level 4. HP: 18/32 MP: 4/4
  1992 | D:3      | Found a faded altar of an unknown god.
  2023 | D:3      | Found an iron altar of Okawaru.
  2684 | D:3      | Found Yzowusof's Antique Armour Emporium.
  2884 | D:3      | Found a snail-covered altar of Cheibriados.
  2884 | D:3      | Found a shadowy altar of Dithmenos.
  2885 | D:3      | Found a snail-covered altar of Cheibriados.
  2885 | D:3      | Found a shimmering altar of Xom.
  2885 | D:3      | Found a radiant altar of Vehumet.
  3182 | D:4      | Noticed Grinder
  3189 | D:4      | Paralysed by Grinder for 2 turns
  3197 | D:4      | Killed Grinder
  3198 | D:4      | Reached skill level 1 in Armour
  3198 | D:4      | Reached skill level 5 in Unarmed Combat
  3198 | D:4      | Reached XP level 5. HP: 8/38 MP: 5/5
  3198 | D:4      | Reached XP level 6. HP: 9/44 MP: 6/6
  3204 | D:4      | HP: 1/44 [something (2)]
  3204 | D:4      | Slain by an orc wizard

Illustrated notes

Levels and vault maps discovered:
D:1:      shiori_angband_town, layout_basic
D:2:      layout_loops_corners, serial_bayou, serial_bayou_pond_e,
          serial_bayou_shore_b, serial_bayou_shore_a, serial_bayou_pond_a,
          serial_bayou_pond_d, uniq_crazy_yiuf_cottage
D:3:      layout_basic, doesnt_xom_only_xom, ebering_ecumenical_altar_rust,
          serial_shops, shop
D:4:      layout_loops_cross, kennysheep_flooded_box, bh_walls_and_bars,
          uniq_grinder

Skill      XL: |  1  2  3  4 |
---------------+-------------+-----
Unarmed Combat | 4 5 |  5.8
Shapeshifting  | 4 |  4.5
Armour         | 1 |  1.5
Fighting       | |  1.9
Dodging        | |  2.8

Action                     |  1- 3 |  4- 6 || total
---------------------------+-------+-------++-------
  Melee: Unarmed           |    59 |    74 ||   133
         Punch             |     1 |     3 ||     4
  Throw: Dart              |       |     3 ||     3
    Use: Scroll            |     3 |     3 ||     6
         Potion            |       |     2 ||     2
 Armour: Animal skin       |    12 |     5 ||    17
         Ring mail         |       |    10 ||    10
  Dodge: Dodged            |    47 |    38 ||    85

Table legend: (Time is in decaauts)
 A = Elapsed time spent in this place.
 B = Non-inter-level travel time spent in this place.
 C = Inter-level travel time spent in this place.
 D = Time resting spent in this place.
 E = Time spent auto-exploring this place.
 F = Levels seen in this place.
 G = Mean time per level.
                   A        B        C        D        E       F      G
               +--------+--------+--------+--------+--------+-----+--------+
         Total |   3679 |   3323 |    356 |    100 |   2769 |   4 |  919.8 |
       Dungeon |   3679 |   3323 |    356 |    100 |   2769 |   4 |  919.8 |
               +--------+--------+--------+--------+--------+-----+--------+

Top non-repeatable levels by time:
     D:2: 1267 daAuts
     D:3: 1133 daAuts
     D:1: 1044 daAuts
     D:4: 233 daAuts
